[Event "Early-Titled-Tuesday-Blitz-March-19-2024"]
[Site "Chess.com"]
[Date "2024.03.19"]
[Round "9"]
[White "IngOscarArdila"]
[Black "Kotlyar_K"]
[Result "0-1"]
[WhiteElo "2404"]
[BlackElo "2617"]
[TimeControl "180+1"]
[EndTime "9:45:18 PDT"]
[Termination "Kotlyar_K won on time"]

1. d4 Nf6 2. c4 g6 3. Nc3 d5 4.
Nf3 Bg7 5. e3 O-O 6. Be2 c5 7. O-O Nc6 8. dxc5 dxc4 9. Bxc4 Qa5 10. Qe2 Qxc5 11. h3 Bf5 12. Bd2 Ne4 13. Rac1 Nxd2 14.
Nxd2 Ne5 15. e4 Nxc4 16. Nxc4 Be6 17. Ne3 Rac8 18. Ncd5 Qxc1 19. Rxc1 Rxc1+ 20. Kh2 Bxd5 21. Nxd5 e6 22. Qd2 Rc4 23. Ne3 Rc7 24. Qd6 Rfc8 25. f4 Bxb2 26. e5 Bc1 27. Qd4 Rc3 28. Ng4 R3c4 29. Nf6+ Kg7 30. Qd7 Bxf4+ 31. g3 Rc2+ 32.
Kg1 Bxe5 33. Ne8+ Kg8 34. Nd6 Bxd6 35. Qxd6 Rxa2 36. Qd1 Rac2 37. Qd3 a6 0-1

[Event "Early-Titled-Tuesday-Blitz-March-19-2024"]
[Site "Chess.com"]
[Date "2024.03.19"]
[Round "9"]
[White "Kildepiotr"]
[Black "emeli_chess"]
[Result "1-0"]
[WhiteElo "2691"]
[BlackElo "2419"]
[TimeControl "180+1"]
[EndTime "9:45:20 PDT"]
[Termination "Kildepiotr won on time"]

1. Nf3 f5 2. d3 d6 3. d4 e6 4.
Nbd2 Nf6 5. c3 Be7 6. Qc2 d5 7. Ne5 O-O 8. Ndf3 Nfd7 9. Bf4 Nxe5 10. Bxe5 Bf6 11. e3 Bxe5 12. Nxe5 Nd7 13. Nd3 Qe7 14. c4 b6 15. cxd5 exd5 16. Qxc7 Ba6 17. Qc3 Rac8 18.
Qb3 Bc4 19. Qb4 Qxb4+ 20. Nxb4 f4 21. Bxc4 Rxc4 22. Nxd5 fxe3 23. Nxe3 Rxd4 24. O-O Nc5 25. Rfd1 Rfd8 26. Rxd4 Rxd4 27. Rd1 Rxd1+ 28. Nxd1 Kf7 29. f3 Ke6 30. Kf2 Kd5 31. Ke3 Kc4 32. Nf2 a5 33. Ne4 Ne6 34. Nd2+ Kd5 35. f4 a4 36. a3 b5 37. g3 Kc5 38. Ke4 b4 39. f5 bxa3 40. bxa3 Nd4 41. Ke5 Nc6+ 42. Ke4 Nd4 43. g4 Nb5 44.
Ke5 Nxa3 45. g5 Nb5 46. f6 gxf6+ 47. gxf6 Nd6 48. Ne4+ Nxe4 49. f7 Nc3 50. f8=Q+ Kc4 51. Qf7+ Kb4 52. Qxh7 a3 53. Kd4 Nb5+ 54. Kd3 a2 55. Qg7 Ka3 56. h4 1-0

[Event "Early-Titled-Tuesday-Blitz-March-19-2024"]
[Site "Chess.com"]
[Date "2024.03.19"]
[Round "9"]
[White "InitiatingASC"]
[Black "Fh2411"]
[Result "0-1"]
[WhiteElo "2353"]
[BlackElo "2610"]
[TimeControl "180+1"]
[EndTime "9:45:21 PDT"]
[Termination "Fh2411 won on time"]

1. d4 d5 2. c4 c6 3. cxd5 cxd5 4. Bf4 Nc6 5. e3 Nf6 6. Bd3 Qb6 7. Qb3 Qxb3 8. axb3 Nb4 9. Bb5+ Bd7 10. Bxd7+ Nxd7 11. Kd2 a6 12. Nf3 Rc8 13. Nc3 e6 14. Rhc1 Be7 15.
Na4 O-O 16. Ne5 Nxe5 17. Bxe5 Rc6 18. Nc5 f6 19. Bg3 Bxc5 20. Rxc5 Rfc8 21. Kc3 Rxc5+ 22. dxc5 Nc6 23. Bd6 Kf7 24. Ra4 e5 25. f4 Ke6 26. Kd3 Na7 27. fxe5 fxe5 28. Rh4 Rh8 29. Rh5 Nc6 30. e4 d4 31. Kc4 g6 32. Rg5 Rd8 33.
b4 Rd7 34. h4 Rf7 35. b5 axb5+ 36. Kxb5 Rf2 37. b3 d3 38. Rg3 d2 39. Rd3 Rxg2 40. Bc7 Nd4+ 41. Kc4 Nc2 42. Rd6+ Ke7 43. Kc3 Na1 0-1

[Event "Early-Titled-Tuesday-Blitz-March-19-2024"]
[Site "Chess.com"]
[Date "2024.03.19"]
[Round "9"]
[White "superchess02"]
[Black "tptagain"]
[Result "1-0"]
[WhiteElo "2839"]
[BlackElo "2942"]
[TimeControl "180+1"]
[EndTime "9:45:23 PDT"]
[Termination "superchess02 won by checkmate"]

1. d4 d6 2. Nf3 f5 3. c4 Nf6 4.
Nc3 g6 5. g3 Bg7 6. Bg2 O-O 7.
O-O e6 8. b4 Qe7 9. Qb3 e5 10.
dxe5 dxe5 11. b5 Rd8 12. Ba3 Qe8 13. Rad1 Rxd1 14. Rxd1 Be6 15. Ng5 Nbd7 16. Nxe6 Qxe6 17. Bxb7 Rb8 18. Bc6 e4 19. Nd5 Ne5 20. Nxc7 Qf7 21.
Bd5 Nxd5 22. Nxd5 h5 23. Bb2 Rc8 24. Bxe5 Bxe5 25. a4 h4 26. a5 h3 27. b6 axb6 28.
axb6 Kg7 29. b7 Rd8 30. c5 Qe6 31. f3 exf3 32. Qxf3 Qc6 33. Ne3 Rxd1+ 34. Nxd1 Qxc5+ 35. Kf1 Qc1 36. Qd5 Bb8 37. Qd4+ Kh7 38. Kf2 Qc6 39.
Qh4+ Kg7 40. Qe7+ Kh6 41. Ne3 Ba7 42. Qf8+ Kh5 43. Qh8+ Kg5 44. Qh4# 1-0

[Event "Early-Titled-Tuesday-Blitz-March-19-2024"]
[Site "Chess.com"]
[Date "2024.03.19"]
[Round "9"]
[White "Crazy_girl99"]
[Black "Josgar05"]
[Result "0-1"]
[WhiteElo "2587"]
[BlackElo "2394"]
[TimeControl "180+1"]
[EndTime "9:45:25 PDT"]
[Termination "Josgar05 won by resignation"]

1. e4 g6 2. d4 Bg7 3. Nf3 c6 4. h4 d5 5. e5 h5 6. Bf4 Nh6 7. Ng5 Nf5 8. c3 e6 9. Bd3 Nd7 10. Qe2 Nb6 11. Nd2 Bd7 12. O-O-O Qe7 13. Kb1 O-O-O 14. Nb3 Na4 15. Ba6 Kb8 16. Na5 Bc8 17. Qc2 Nb6 18. Rhe1 Rhf8 19. g3 Ka8 20. Bd3 c5 21. Bxf5 gxf5 22. dxc5 Qxc5 23. Nb3 Qc7 24. Nf3 Nc4 25. Nfd4 Bxe5 26. Nb5 Qb8 27. Bxe5 Nxe5 28. Nc5 Nc4 29. Qa4 Nb6 30. Qa3 Bd7 31. Nxd7 Rxd7 32.
Rd4 Rc8 33. Rb4 Rc6 34. Nd4 Rcd6 35. Rd1 Nc4 36. Qa4 Rd8 37. Nb5 Ra6 38. Qb3 Qc8 39. Ra4 Rxa4 40. Qxa4 a6 41. Nd4 Kb8 42. Qb3 Qc5 43. a4 Ka7 44. Ka2 Rd6 45. Qc2 Rb6 46. b4 Qd6 47. a5 Rc6 48. Nxc6+ Qxc6 49. Qb3 Qd6 50. Kb1 Qe5 51. Qc2 Na3+ 52. Kb2 Nxc2 53. Kxc2 Qe2+ 54. Rd2 Qc4 55. Kb2 e5 56. Kc2 d4 57.
Rd3 e4 58. Rxd4 Qe2+ 59. Kb3 Qxf2 60. Rd7 e3 61. c4 e2 62. b5 axb5 63. cxb5 e1=Q 64. b6+ Ka6 0-1

[Event "Early-Titled-Tuesday-Blitz-March-19-2024"]
[Site "Chess.com"]
[Date "2024.03.19"]
[Round "9"]
[White "Nitzan_Steinberg"]
[Black "Witik"]
[Result "1-0"]
[WhiteElo "2885"]
[BlackElo "2752"]
[TimeControl "180+1"]
[EndTime "9:45:26 PDT"]
[Termination "Nitzan_Steinberg won on time"]

1. d4 Nf6 2. c4 e6 3. Nc3 Bb4 4. e3 O-O 5. Bd2 d5 6. Nf3 b6 7. cxd5 exd5 8. Rc1 a6 9. Bd3 Qe7 10. Ne5 Bb7 11. O-O Nbd7 12. f4 c5 13. a3 Bxc3 14. Bxc3 Rfd8 15. Qf3 Ne4 16. Rfd1 c4 17. Bb4 Qe8 18. Bxe4 dxe4 19. Qg3 b5 20. Ng4 Kh8 21. d5 f6 22. d6 a5 23. Bc3 Qg6 24. Qh4 Ra6 25.
Rd2 Rc8 26. Rcd1 Raa8 27. Nf2 Qf5 28. g4 Qc5 29. g5 b4 30. Bd4 Qf5 31. Ng4 Rf8 32.
Rf2 Rae8 33. axb4 axb4 34. Ra1 Re6 35. Ra7 Bc6 36. gxf6 gxf6 37. Rg2 Rg8 38. Nh6 Rxg2+ 39. Kxg2 Qg6+ 40. Kf2 Rxd6 41. f5 Qg7 42. Qf4 Rd5 43. Rxd7 Rxd7 44. Qb8+ 1-0

[Event "Early-Titled-Tuesday-Blitz-March-19-2024"]
[Site "Chess.com"]
[Date "2024.03.19"]
[Round "9"]
[White "MdChess1734"]
[Black "NikitaShnadrygin"]
[Result "1-0"]
[WhiteElo "2373"]
[BlackElo "2652"]
[TimeControl "180+1"]
[EndTime "9:45:26 PDT"]
[Termination "MdChess1734 won by resignation"]

1. e4 c5 2. Nf3 e6 3. d4 cxd4 4. Nxd4 Nf6 5. Bd3 Nc6 6. Nxc6 bxc6 7. O-O d5 8. Nc3 Be7 9. Qe2 O-O 10. f4 Nd7 11. e5 Nc5 12. Kh1 f5 13. b3 a5 14.
Ba3 Nxd3 15. Bxe7 Nxf4 16. Bxd8 Nxe2 17. Bxa5 Ba6 18. Nxe2 Bxe2 19. Rfe1 Rxa5 20. Rxe2 Rfa8 21. a4 c5 22. Rd1 Rb8 23. g3 Rb4 24. Kg2 Kf7 25.
Kf3 Ke7 26. Rd3 c4 27. Rd4 Rc5 28. Re1 Rb8 29. bxc4 Rb4 30. Ra1 Rcxc4 31. Rxc4 Rxc4 32.
Ra2 Kd7 33. a5 Kc7 34. a6 Kb8 35. a7+ Ka8 36. Ra6 Rxc2 37. Rxe6 Rxh2 38. Re7 g6 39. e6 Rh1 40. Rd7 Re1 41. e7 1-0

[Event "Early-Titled-Tuesday-Blitz-March-19-2024"]
[Site "Chess.com"]
[Date "2024.03.19"]
[Round "9"]
[White "Byniolus"]
[Black "TitarovVasiliYouTube"]
[Result "1-0"]
[WhiteElo "2780"]
[BlackElo "2546"]
[TimeControl "180+1"]
[EndTime "9:45:27 PDT"]
[Termination "Byniolus won on time"]

1. d4 d5 2. Nf3 Nf6 3. Bf4 e6 4. Nbd2 Bd6 5. Bg3 O-O 6. e3 b6 7. c3 Bb7 8. Ne5 c5 9. f4 Nc6 10. Bd3 Ne7 11. Qb1 g6 12. Bf2 Rc8 13. O-O Nf5 14. g4 Ng7 15. Bh4 Be7 16. Bxf6 Bxf6 17. Ndf3 Be7 18. g5 Nf5 19. Qe1 Kg7 20. Ng4 Rh8 21.
Nfe5 h5 22. gxh6+ Nxh6 23. Qg3 Nf5 24. Qg2 Rh5 25. Nxf7 Kxf7 26. Ne5+ Kg8 27. Qxg6+ Ng7 28. Qf7+ Kh8 29. Ng6+ Kh7 30. Nxe7+ Kh8 31. Ng6+ Kh7 32. Qxb7 c4 33. Nf8+ Kg8 34. Qxg7+ Kxg7 35. Nxe6+ Kf6 36.
Nxd8 cxd3 37. Nb7 Rg8+ 38. Kh1 Rh3 39. Rae1 Re8 40. Nd6 Rexe3 41. Nb5 Rxe1 42. Rxe1 Rf3 43. Kg2 1-0

[Event "Early-Titled-Tuesday-Blitz-March-19-2024"]
[Site "Chess.com"]
[Date "2024.03.19"]
[Round "9"]
[White "ChessFanNM"]
[Black "nicolasbatista3"]
[Result "0-1"]
[WhiteElo "2272"]
[BlackElo "2480"]
[TimeControl "180+1"]
[EndTime "9:45:27 PDT"]
[Termination "nicolasbatista3 won on time"]

1. e4 c6 2. d4 d5 3. exd5 cxd5 4. Nf3 Nc6 5. c4 Nf6 6. Nc3 g6 7. cxd5 Nxd5 8. Qb3 Nxc3 9. Bc4 e6 10. bxc3 Bg7 11.
Ba3 Bd7 12. Be2 Qb6 13. Qd1 Qa5 14. Qb3 Nxd4 15. Nxd4 Bxd4 16. O-O Bc5 17. Qxb7 Rc8 18. Rad1 Qc7 19. Qb3 Bxa3 20. Qxa3 Qc5 21. Qa6 Rc7 22. Rd4 O-O 23. Rfd1 Bc6 24. R4d3 Bb5 25. Qa5 Bxd3 26. Qxc5 Rxc5 27. Rxd3 Rfc8 28. h4 Rxc3 29. Rd7 Ra3 30. h5 Rxa2 31. Bf3 a5 32. h6 a4 33. Bg4 a3 34. Ra7 Ra1+ 35. Kh2 a2 36. Bf3 f5 37. g4 Rcc1 38. gxf5 gxf5 39. Rg7+ Kf8 40. Rxh7 Rh1+ 41. Bxh1 Rxh1+ 42. Kxh1 a1=Q+ 43. Kg2 Qf6 0-1

[Event "Early-Titled-Tuesday-Blitz-March-19-2024"]
[Site "Chess.com"]
[Date "2024.03.19"]
[Round "9"]
[White "jefferyx"]
[Black "GOGIEFF"]
[Result "1-0"]
[WhiteElo "3103"]
[BlackElo "3018"]
[TimeControl "180+1"]
[EndTime "9:45:30 PDT"]
[Termination "jefferyx won on time"]

1. d4 Nf6 2. c4 e6 3. Nc3 d5 4. Bg5 Be7 5. e3 h6 6. Bh4 O-O 7. Rc1 b6 8. cxd5 exd5 9. Bd3 Bb7 10. Nf3 Nbd7 11. O-O c5 12. Bf5 Re8 13. Bg3 Nh5 14.
dxc5 Nxg3 15. hxg3 Nxc5 16. Bb1 Rc8 17. Nd4 Bf6 18. Qg4 Ne4 19. Bxe4 dxe4 20. Rfd1 Rc5 21. Ndb5 Qc8 22. Qxc8 Rexc8 23. Nd6 R8c7 24. Nxb7 Rxb7 25. Nxe4 Ra5 26. Rc8+ Kh7 27. Nxf6+ gxf6 28. a3 Rb5 29. b4 a5 30. Rd4 axb4 31. axb4 Ra7 32. Rc6 Kg7 33. Rf4 f5 34. g4 fxg4 35. Rxg4+ Kh7 36. Rh4 Kg7 37. Rhxh6 Ra1+ 38. Kh2 Rf5 39. f3 Ra2 40. Rh3 Rb5 41. Rg3+ Kf8 42. Rg4 Rb2 43.
Rcc4 Re5 44. Rge4 Rg5 45. Rg4 Re5 46. Rce4 Rh5+ 47. Kg3 f5 48. Ref4 Ke7 49. Rg6 Kf7 50.
Rxb6 Rg5+ 51. Kh3 Rgxg2 52. Rxf5+ Kg7 53. Rf4 Rh2+ 54. Kg4 1-0

[Event "Early-Titled-Tuesday-Blitz-March-19-2024"]
[Site "Chess.com"]
[Date "2024.03.19"]
[Round "9"]
[White "Quattroporte300"]
[Black "NelsonLinda"]
[Result "1-0"]
[WhiteElo "2520"]
[BlackElo "2657"]
[TimeControl "180+1"]
[EndTime "9:45:30 PDT"]
[Termination "Quattroporte300 won by checkmate"]

1. e4 c5 2. Nc3 e6 3. Nf3 d6 4. g3 Nf6 5. Bg2 Be7 6. O-O O-O 7. d4 cxd4 8. Nxd4 Nc6 9. Nxc6 bxc6 10. e5 Nd5 11.
exd6 Bxd6 12. Ne4 Be7 13. c4 Nb6 14. b3 Qc7 15. Bb2 e5 16. Qe2 Bf5 17. Rfe1 Rfe8 18. Rad1 f6 19. Qe3 Rad8 20. Nc5 Bf8 21. h3 Nc8 22.
Kh2 Qa5 23. Na4 Qc7 24. Bc3 h5 25. Qf3 g6 26. Qxc6 Qg7 27. Nc5 Kh8 28. Rxd8 Rxd8 29. Ne6 Bxe6 30. Qxe6 Nd6 31. Rd1 Re8 32. Qd5 h4 33. c5 Nf5 34. Be4 hxg3+ 35. fxg3 Qh6 36. Bd2 Qh7 37. c6 Bd6 38. Bxf5 gxf5 39. Qxd6 f4 40. Qxf6+ Kg8 41. Rg1 f3 42. Qxf3 Rf8 43. Qd5+ Kh8 44.
Qxe5+ Kg8 45. Rg2 Qd3 46. Bc3 Kf7 47. Rf2+ Kg6 48. Rf6+ Rxf6 49. Qxf6+ Kh5 50. g4# 1-0

[Event "Early-Titled-Tuesday-Blitz-March-19-2024"]
[Site "Chess.com"]
[Date "2024.03.19"]
[Round "9"]
[White "Felix-Rose"]
[Black "balack95"]
[Result "1-0"]
[WhiteElo "2281"]
[BlackElo "2457"]
[TimeControl "180+1"]
[EndTime "9:45:30 PDT"]
[Termination "Felix-Rose won by resignation"]

1. e4 c5 2. Nf3 e6 3. d4 cxd4 4. Nxd4 Nc6 5. Nc3 Qc7 6. Be3 a6 7. Qf3 h5 8. h4 Nf6 9. O-O-O Ng4 10. Bf4 e5 11. Bg3 d6 12. Nd5 Qd8 13. Nf5 Bxf5 14.
Qxf5 Be7 15. Be2 Nd4 16. Rxd4 exd4 17. Bxg4 hxg4 18. Qxg4 Bf6 19. h5 g6 20. Kb1 Rxh5 21.
Rxh5 gxh5 22. Qg8+ Kd7 23. Qxf7+ Be7 24. Bh4 Qf8 25. Qh7 Re8 26. Nf6+ Kd8 27. Nxe8 Bxh4 28. Ng7 Qxf2 29. Qg8+ Kd7 30. Qe6+ Kc6 31. a4 Qf6 32. Qd5+ Kb6 33. a5+ Ka7 34. Nf5 Be1 35. Nxd6 Qg7 36. Qc5+ Kb8 37. Qc8+ Ka7 38. Qc5+ Kb8 39. e5 Qxg2 40.
Qxd4 Bf2 41. Qc4 Qh1+ 42. Ka2 Qc6 43. Qg8+ Ka7 44. Nc8+ Kb8 45. Nb6+ 1-0

[Event "Early-Titled-Tuesday-Blitz-March-19-2024"]
[Site "Chess.com"]
[Date "2024.03.19"]
[Round "9"]
[White "martinmena"]
[Black "mertfelin"]
[Result "1-0"]
[WhiteElo "2269"]
[BlackElo "2353"]
[TimeControl "180+1"]
[EndTime "9:45:31 PDT"]
[Termination "martinmena won on time"]

1. c4 e6 2. g3 d5 3. Bg2 Nf6 4. Nf3 Be7 5. O-O O-O 6. d4 dxc4 7. Qc2 b5 8. Ne5 Nd5 9. e4 Nb4 10. Qc3 Bb7 11. Rd1 f6 12. Ng4 Qc8 13. Ne3 Rd8 14. d5 exd5 15. exd5 Nd7 16. a3 Nd3 17. Bh3 Qb8 18.
Be6+ Kh8 19. Nf5 Bf8 20. Be3 N7e5 21. f4 Nd7 22. Nd2 N7c5 23. Bd4 Nd7 24. Ne4 c5 25. Bxf6 Nxf6 26. Nxf6 a5 27. Nh6 gxh6 28. Nh5+ Ne5 29. fxe5 Qc7 30. Qf3 Qe7 31. Rf1 Ra6 32. Qf6+ Qxf6 33.
Nxf6 b4 34. Rae1 bxa3 35. bxa3 c3 36. Ng4 c4 37. Rf6 Bc5+ 38. Kg2 1-0

[Event "Early-Titled-Tuesday-Blitz-March-19-2024"]
[Site "Chess.com"]
[Date "2024.03.19"]
[Round "9"]
[White "Zampronha1971"]
[Black "Kostukov_Alex"]
[Result "0-1"]
[WhiteElo "2290"]
[BlackElo "2248"]
[TimeControl "180+1"]
[EndTime "9:45:31 PDT"]
[Termination "Kostukov_Alex won on time"]

1. e4 c5 2. Nf3 g6 3. d4 cxd4 4.
Nxd4 Bg7 5. Nc3 Nc6 6. Be3 Nf6 7.
Bc4 Qa5 8. O-O Qb4 9. Bb3 Nxe4 10. Nxc6 bxc6 11. Nxe4 Qxe4 12. Re1 Qf5 13. Bd4 Bf6 14.
Bxf6 Qxf6 15. Qe2 e6 16. c4 O-O 17. c5 a5 18. Qd2 a4 19. Bc4 Qe7 20. Rac1 Ba6 21. Bxa6 Rxa6 22. Re3 Rb8 23. Rd3 Ra7 24. Rd6 Rb5 25. h3 Kg7 26. Rc3 Rab7 27. Rc2 Qf6 28.
Rd4 Qe5 29. Qc3 Qf6 30. Rc4 Rxb2 31. Qxf6+ Kxf6 32. Rxb2 Rxb2 33. Rxa4 Rc2 34. Ra7 Rxc5 35. Rxd7 Ra5 36. Rc7 c5 37. g3 e5 38. Kg2 h5 39. h4 Ke6 40. Kf3 f6 41. Rg7 Kf5 42. Rc7 Ra3+ 43. Kg2 Ra5 44. Rc6 e4 45. Kf1 Ke5 46. Kg2 Kd5 47. Rc7 Rxa2 48. Rg7 e3 49. Rxg6 e2 0-1

[Event "Early-Titled-Tuesday-Blitz-March-19-2024"]
[Site "Chess.com"]
[Date "2024.03.19"]
[Round "9"]
[White "GlavkonVVS"]
[Black "ketster"]
[Result "0-1"]
[WhiteElo "2686"]
[BlackElo "2589"]
[TimeControl "180+1"]
[EndTime "9:45:32 PDT"]
[Termination "ketster won by checkmate"]

1. c4 Nf6 2. Nc3 e6 3. Nf3 d5 4.
g3 d4 5. Na4 c5 6. Bg2 Nc6 7. O-O Bd6 8. d3 O-O 9. e3 e5 10. exd4 exd4 11. h3 h6 12. g4 Nd7 13.
a3 Re8 14. b4 cxb4 15. axb4 Bxb4 16. Bf4 Nf8 17. c5 Ne6 18. Bd6 b5 19. Nb6 axb6 20.
Rxa8 bxc5 21. Bg3 Nc7 22. Bxc7 Qxc7 23. Nd2 Bd7 24. Rxe8+ Bxe8 25. Ne4 c4 26. Qe2 Ne5 27. f4 Nxd3 28. Nf6+ gxf6 29. Qxe8+ Kg7 30. Qxb5 Bd2 31. Bd5 Be3+ 32. Kh1 Nxf4 33. Bxc4 Nxh3 34. Qh5 Nf2+ 35. Rxf2 Bxf2 36. Qd5 Be3 37. Kg2 Qe7 38. Qh5 Qb7+ 39. Bd5 Qc7 40. Kh3 d3 41. Qf5 d2 42. Qd3 Qf4 43. Qe2 Bg1 44. Bf3 d1=Q 45. Qxd1 Qh2# 0-1

[Event "Early-Titled-Tuesday-Blitz-March-19-2024"]
[Site "Chess.com"]
[Date "2024.03.19"]
[Round "9"]
[White "djokovic74"]
[Black "ahkashefi2800"]
[Result "0-1"]
[WhiteElo "2724"]
[BlackElo "2606"]
[TimeControl "180+1"]
[EndTime "9:45:33 PDT"]
[Termination "ahkashefi2800 won on time"]

1. c4 Nf6 2. Nf3 c6 3. g3 d5 4.
Bg2 Bf5 5. Qb3 Qb6 6. d3 e6 7.
Be3 Qxb3 8. axb3 a6 9. h3 Nbd7 10. Nh4 Bg6 11. Nxg6 hxg6 12. Nc3 Bc5 13. d4 Bb4 14. O-O O-O 15. Rfd1 Rfe8 16. f4 Bf8 17. Bf2 Rac8 18. Bf3 Rcd8 19. Kg2 Bd6 20. e3 Nf8 21. e4 dxe4 22. Nxe4 Nxe4 23. Bxe4 Nd7 24. Be3 Nf6 25. Bf3 Rd7 26. Ra5 Red8 27. Rd3 Bc7 28. Ra1 Bb6 29. Rad1 Bc7 30. g4 Ne8 31. h4 Nd6 32. Rh1 Kf8 33.
h5 gxh5 34. Rxh5 g6 35. Rh3 Nc8 36. Rd1 Bb6 37. c5 Bc7 38. Rdh1 Ke7 39. Rd1 Re8 40. Rh7 Kd8 41. g5 Rf8 42. Rdh1 Ne7 43. Rh8 Ke8 44.
Be4 Nd5 45. Bxd5 Rxd5 46. Kf3 Rd8 47. Ke4 Ke7 48. R8h7 Rg8 49. Bd2 Rd5 50. b4 Rgd8 51. Be3 Rg8 52. R1h3 Rdd8 53. Rh1 Rd5 54. b3 Ke8 55. R7h6 Bd8 56. Rh7 Be7 0-1

[Event "Early-Titled-Tuesday-Blitz-March-19-2024"]
[Site "Chess.com"]
[Date "2024.03.19"]
[Round "9"]
[White "NovoselovRoman"]
[Black "CSB7"]
[Result "0-1"]
[WhiteElo "2545"]
[BlackElo "2762"]
[TimeControl "180+1"]
[EndTime "9:45:33 PDT"]
[Termination "CSB7 won by resignation"]

1. d4 d5 2. Bf4 Nf6 3. Nf3 Bf5 4. e3 e6 5. c4 Bxb1 6. Rxb1 Bb4+ 7. Ke2 dxc4 8. Ne5 O-O 9. Nxc4 Be7 10. f3 Nbd7 11.
b4 Nd5 12. Qd2 Nxf4+ 13. exf4 Nf6 14. Kf2 Nd5 15. Bd3 c6 16. Rhd1 Qc7 17. g3 Rfd8 18.
f5 exf5 19. Bxf5 Bf6 20. Be4 Nb6 21. Qc3 Nxc4 22. Qxc4 Rd6 23. d5 Rad8 24. Ke2 Qd7 25. Qc2 cxd5 26. Bxh7+ Kh8 27. Bf5 Qb5+ 28. Kf2 d4 29. a4 Qd5 30. Be4 Qh5 31. Kg2 b6 32. Rbc1 g6 33. Qc7 R6d7 34. Qc6 Kg7 35. a5 d3 36.
axb6 axb6 37. Qxb6 d2 38. Rc2 Rd4 39. Qc5 Rxe4 40. fxe4 Qe2+ 41. Qf2 Qxe4+ 42. Qf3 Qxc2 43. Kh3 Qc8+ 44. g4 Qc3 45. Qxc3 Bxc3 46. b5 Rb8 0-1

[Event "Early-Titled-Tuesday-Blitz-March-19-2024"]
[Site "Chess.com"]
[Date "2024.03.19"]
[Round "9"]
[White "RebecaJimnz"]
[Black "ChempionBg"]
[Result "1-0"]
[WhiteElo "2261"]
[BlackElo "2342"]
[TimeControl "180+1"]
[EndTime "9:45:35 PDT"]
[Termination "RebecaJimnz won by checkmate"]

1. e4 c5 2. Nc3 d6 3. g3 g6 4. Bg2 Nc6 5. d3 Bg7 6. Be3 Nd4 7. Qd2 e6 8. Nd1 Rb8 9. c3 Nc6 10. Ne2 b6 11. O-O d5 12. exd5 exd5 13. d4 cxd4 14. Nxd4 Nxd4 15. Bxd4 Bxd4 16. Qxd4 Qf6 17. Re1+ Be6 18.
Qa4+ Kf8 19. Qxa7 Qd8 20. Ne3 Nf6 21. Qa4 Kg7 22. Qd4 b5 23. Rad1 Qb6 24. Qxb6 Rxb6 25. Nxd5 Bxd5 26. Bxd5 Nxd5 27. Rxd5 b4 28. cxb4 Rxb4 29.
b3 Ra8 30. Rd2 Ra3 31. Re7 Rb5 32. Rdd7 Rxa2 33. Rxf7+ Kh6 34. h4 g5 35. Rxh7+ Kg6 36. Rhg7+ Kf6 37. Rxg5 Rxb3 38. Rgg7 Rbb2 39. Rdf7+ Ke6 40.
Rf3 Rb1+ 41. Kg2 Raa1 42. Re3+ Kf6 43. Rc7 Rg1+ 44. Kf3 Rgf1 45. Rc6+ Kf7 46. Rb3 Ra7 47. h5 Kg7 48. h6+ Kh7 49. g4 Rf7+ 50. Kg3 Rg1+ 51.
Kh4 Rxf2 52. Rb7+ Kg8 53. Rc8+ Rf8 54. h7+ Kh8 55. Rxf8# 1-0

[Event "Early-Titled-Tuesday-Blitz-March-19-2024"]
[Site "Chess.com"]
[Date "2024.03.19"]
[Round "9"]
[White "GM_dmitrij"]
[Black "shimastream"]
[Result "1-0"]
[WhiteElo "3095"]
[BlackElo "3009"]
[TimeControl "180+1"]
[EndTime "9:45:36 PDT"]
[Termination "GM_dmitrij won on time"]

1. d4 b6 2. e4 Bb7 3. Nc3 e6 4. Bd3 Nf6 5. Nge2 c5 6. d5 exd5 7. exd5 Nxd5 8. Nxd5 Bxd5 9. Nf4 Bb7 10. O-O Be7 11. Qh5 Nc6 12. Re1 Nb4 13. Bf5 Nd5 14. Nxd5 Bxd5 15. Bf4 Be6 16. Bxe6 dxe6 17. Rxe6 O-O 18.
Re3 Qd4 19. Be5 Qh4 20. Qf5 Qg5 21. Qf3 Rad8 22. Rae1 Rd7 23. Qc6 Rdd8 24. h3 Bf6 25. Rg3 Qxe5 26. Rxe5 Bxe5 27. Rd3 Rxd3 28. cxd3 Bxb2 29.
Qb7 Bd4 30. Qxa7 b5 31. a3 g6 32. Qb7 Re8 33. Kf1 Re5 34. Qxb5 Rf5 35. f3 Re5 36. a4 Bc3 37. a5 Re1+ 38. Kf2 Rc1 39. Qb8+ Kg7 40. a6 Bd4+ 41. Ke2 Rc2+ 42. Kd1 Ra2 43.
a7 Ra1+ 44. Kc2 Ra2+ 45. Kb3 Rb2+ 46. Kc4 Rc2+ 47. Kd5 1-0

[Event "Early-Titled-Tuesday-Blitz-March-19-2024"]
[Site "Chess.com"]
[Date "2024.03.19"]
[Round "9"]
[White "viktorskliarov"]
[Black "AlexOstrovskiy"]
[Result "1-0"]
[WhiteElo "2617"]
[BlackElo "2732"]
[TimeControl "180+1"]
[EndTime "9:45:36 PDT"]
[Termination "viktorskliarov won on time"]

1. e4 d5 2. exd5 Nf6 3. Nc3 Nxd5 4. Bc4 Nb6 5. Bb3 Nc6 6. Nf3 Bf5 7. d4 e6 8. a4 Na5 9. Ba2 Be7 10. O-O O-O 11.
h3 Bf6 12. Re1 Nc6 13. Be3 Nb4 14. Bb3 N6d5 15. Nxd5 Nxd5 16. Bd2 a5 17. c3 c6 18. Bc2 Bxc2 19. Qxc2 Qb6 20. Ne5 Rfd8 21. Rad1 c5 22.
dxc5 Qxc5 23. Qe4 Qc7 24. Ng4 Be7 25. Ne3 Bc5 26. Nxd5 Rxd5 27. Bf4 Qd7 28. Rxd5 exd5 29. Qd3 Rd8 30. Be3 b6 31. b3 h6 32. Bd4 Qd6 33. Re3 Rc8 34. Rg3 Bxd4 35. Qxd4 g6 36.
Re3 Qc5 37. Re5 Qxd4 38. cxd4 Rc3 39. Re3 Rc1+ 40. Kh2 Rd1 41. Re8+ Kg7 42. Rb8 Rxd4 43. Rxb6 Rd2 44. Kg3 Rd3+ 45. f3 h5 46. Rb5 Kf6 47.
Rxa5 Ke5 48. Rb5 g5 49. a5 f5 50. h4 1-0

[Event "Early-Titled-Tuesday-Blitz-March-19-2024"]
[Site "Chess.com"]
[Date "2024.03.19"]
[Round "9"]
[White "Boorchess"]
[Black "rhwr"]
[Result "1-0"]
[WhiteElo "2549"]
[BlackElo "2326"]
[TimeControl "180+1"]
[EndTime "9:45:36 PDT"]
[Termination "Boorchess won on time"]

1. d4 e6 2. c4 d5 3. Nf3 Nf6 4. g3 Be7 5. Bg2 O-O 6. O-O c6 7. Qc2 Ne4 8. Nbd2 f5 9. Ne5 Nd7 10. Ndf3 Bf6 11. Nd3 Qe8 12. Nfe5 Qh5 13. f3 Ng5 14. h4 Bxe5 15. dxe5 Nf7 16. Nf4 Qh6 17. Nxd5 g5 18. Ne7+ Kh8 19. hxg5 Qg7 20. f4 h6 21. Kf2 Nfxe5 22. fxe5 Qxe7 23. Rh1 Nxe5 24. Qc3 Qg7 25. gxh6 Ng4+ 26. Ke1 Qxc3+ 27. bxc3 Kh7 28. Bf3 Ne5 29. Ba3 Rg8 30. Bd6 Nxc4 31. Be7 Ne3 32. Kf2 Nd5 33. Bxd5 cxd5 34. Bd6 b6 35. Be5 Ba6 36. Rab1 Bc4 37. a3 Rg4 38. Rh4 Rxh4 39. gxh4 Kxh6 40. Rg1 Kh7 41. Rg7+ Kh6 42. e3 a5 43. Kg3 b5 44.
Re7 Ra6 45. Kf4 b4 46. cxb4 axb4 47. axb4 Ra1 48. Bf6 Rf1+ 49. Ke5 f4 50. Bg5+ Kh5 51. Bxf4 1-0

[Event "Early-Titled-Tuesday-Blitz-March-19-2024"]
[Site "Chess.com"]
[Date "2024.03.19"]
[Round "9"]
[White "viktorgen2021"]
[Black "Lion-Al-Messi"]
[Result "1-0"]
[WhiteElo "2484"]
[BlackElo "2597"]
[TimeControl "180+1"]
[EndTime "9:45:37 PDT"]
[Termination "viktorgen2021 won on time"]

1. d4 Nf6 2. Nf3 b6 3. g3 Bb7 4. Bg2 c5 5. O-O cxd4 6. Nxd4 Bxg2 7. Kxg2 e6 8. c4 Be7 9. Nc3 O-O 10. b3 Nc6 11.
Bb2 h6 12. Rc1 Qc7 13. Ndb5 Qb7 14. f3 Rac8 15. Nd6 Bxd6 16. Qxd6 Ne8 17. Qd2 Ne7 18. Ne4 d5 19. cxd5 Qxd5 20. Qf4 Rxc1 21. Rxc1 Qf5 22. Qd2 Nd5 23. Rc8 Nec7 24. Qd4 e5 25. Rxf8+ Kxf8 26. Qxe5 Qxe5 27. Bxe5 Na6 28. a3 f5 29. Nd6 g6 30.
Nc8 Ne3+ 31. Kf2 Nc2 32. Nxa7 Ke7 33. Bb2 Nc5 34. b4 Na4 35. Bc1 Kd7 36. Bxh6 Nxa3 37. Bc1 Nc2 38. b5 Nd4 39. h4 Kc7 40. g4 fxg4 41. fxg4 Kb7 42. Nc6 Nxb5 43. Ne7 Nd6 44. Nxg6 Ne4+ 45. Kf3 Nf6 46. h5 Nc5 47. h6 Ne6 48. g5 Nh7 49. Kg4 b5 50. Ne5 Nef8 51.
g6 Nxg6 52. Nxg6 b4 53. Kf5 b3 54. Ne5 Kb6 55. Kg6 Nf8+ 56. Kg7 Ne6+ 57. Kf7 Ng5+ 58. Bxg5 b2 59. Nc4+ 1-0

[Event "Early-Titled-Tuesday-Blitz-March-19-2024"]
[Site "Chess.com"]
[Date "2024.03.19"]
[Round "9"]
[White "Firouzja2003"]
[Black "vi_pranav"]
[Result "0-1"]
[WhiteElo "3095"]
[BlackElo "3071"]
[TimeControl "180+1"]
[EndTime "9:45:39 PDT"]
[Termination "vi_pranav won by resignation"]

1. Nf3 Nf6 2. g3 d5 3. Bg2 c6 4.
O-O Bg4 5. h3 Bh5 6. d3 Nbd7 7.
Qe1 e5 8. e4 dxe4 9. dxe4 Bxf3 10. Bxf3 Bc5 11. a4 a5 12. Nd2 O-O 13. c3 Qe7 14. Qe2 Rfd8 15. Nc4 Nb6 16. Ne3 g6 17. Kg2 Qe6 18. Ng4 Nxg4 19. Bxg4 Qc4 20. Bg5 Qxe2 21. Bxe2 f6 22. Bxf6 Rd2 23. Bg4 h5 24. Be6+ Kh7 25.
Rad1 Rxb2 26. Bd8 Kg7 27. h4 Kf8 28. Kh3 Nxa4 29. Rd7 Rxd8 30. Rxd8+ Ke7 31. Rg8 Kxe6 32. Rxg6+ Kf7 33. Rg5 Nxc3 34. Rxe5 b6 35. f4 a4 36.
Rf5+ Ke6 37. Re5+ Kd6 38. Rxh5 a3 39. e5+ Kd5 40. f5 a2 41. e6 Rb1 42. e7 Rxf1 43. e8=Q a1=Q 44. Qe6+ Kd4 45. Rg5 Rh1+ 46. Kg4 Qd1+ 0-1